[Event "Ju Wenjun-A"]
[Site "Gatineau CAN"]
[Date "2023.11.14"]
[Round "3"]
[White "Desjardins, Michel"]
[Black "Arseneault, Michel"]
[Result "1/2-1/2"]
[ECO "B22"]
[WhiteElo "1886"]
[BlackElo "1828"]
[PlyCount "81"]
[EventDate "2023.10.31"]
[EventType "swiss"]
[EventRounds "7"]
[EventCountry "CAN"]
[TimeControl "90+30"]

1. e4 c5 2. c3 d5 3. exd5 Qxd5 4. d4 e6 5. Na3 Qd8 6. Nc2 Nc6 7. Nf3 Bd6 8. g3
Nf6 9. Bg2 O-O 10. O-O Qc7 11. Bg5 Nd5 12. Ne3 Nxe3 13. Bxe3 cxd4 14. Nxd4 Be7
15. Nxc6 bxc6 16. Qa4 Rb8 17. b3 c5 18. Rfd1 Rb6 19. Qa5 Bb7 20. Qa4 Bc6 21.
Bxc6 Rxc6 22. Rd2 Bf6 23. Qc4 Rd8 24. Rad1 Rxd2 25. Rxd2 h5 26. h4 Qe5 27. Rd3
g5 28. hxg5 Bg7 29. Rd8+ Bf8 30. Kh2 Qf5 31. Qb5 Rd6 32. Qe8 Rxd8 33. Qxd8 Kg7
34. Qd7 h4 35. gxh4 Qg4 36. c4 Qxh4+ 37. Kg2 Qg4+ 38. Kf1 Be7 39. Qxe7 Qd1+ 40.
Kg2 Qg4+ 41. Kh2 1/2-1/2

[Event "Ju Wenjun-A"]
[Site "Gatineau CAN"]
[Date "2023.11.14"]
[Round "3"]
[White "Lecorre, Joel"]
[Black "Seguin, Hubert"]
[Result "0-1"]
[ECO "B23"]
[WhiteElo "1532"]
[BlackElo "1481"]
[PlyCount "68"]
[EventDate "2023.10.31"]
[EventType "swiss"]
[EventRounds "7"]
[EventCountry "CAN"]
[TimeControl "90+30"]

1. e4 c5 2. Nc3 d6 3. f4 Nc6 4. Bc4 g6 5. Nf3 Bg7 6. d3 e6 7. O-O Na5 8. Bb3
Nxb3 9. axb3 Ne7 10. Qe1 Nc6 11. Ne2 O-O 12. Kh1 b5 13. c3 Bb7 14. g4 Ne7 15.
h3 f5 16. exf5 exf5 17. g5 Re8 18. Qf2 Nd5 19. Kh2 Qe7 20. Neg1 Qf7 21. Bd2 b4
22. c4 Ne7 23. Ra2 Nc6 24. Be3 Re7 25. Re1 Rae8 26. Kg3 a6 27. h4 Nd4 28. Bxd4
Rxe1 29. Nxe1 Bxd4 30. Qf1 Re3+ 31. Nef3 Bg7 32. Qf2 Rxd3 33. Qc2 Be4 34. Qe2
Bd4 0-1

[Event "Ju Wenjun-A"]
[Site "Gatineau CAN"]
[Date "2023.11.21"]
[Round "4"]
[White "Scantland, Patrick"]
[Black "Latreille, Etienne"]
[Result "0-1"]
[ECO "D13"]
[WhiteElo "1658"]
[BlackElo "2106"]
[PlyCount "125"]
[EventDate "2023.10.31"]
[EventType "swiss"]
[EventRounds "7"]
[EventCountry "CAN"]
[TimeControl "90+30"]

1. d4 d5 2. c4 c6 3. Nf3 Nf6 4. cxd5 cxd5 5. g3 Bf5 6. Nc3 e6 7. Bg2 Bd6 8. O-O
Nbd7 9. Bd2 O-O 10. Rc1 a6 11. Re1 b5 12. Nh4 Bg4 13. Qc2 Rc8 14. Qd3 b4 15.
Na4 Qa5 16. b3 Qb5 17. Qxb5 axb5 18. Nb2 Rxc1 19. Bxc1 Ra8 20. h3 Bf5 21. Nxf5
exf5 22. Nd3 Rxa2 23. Bf4 Bf8 24. Bf3 Ne4 25. Rc1 Nc3 26. e3 f6 27. Kf1 g5 28.
Bc7 Ra7 29. Bd8 Kf7 30. Bh5+ Kg7 31. Be8 Ra8 32. Bxd7 Rxd8 33. Bxf5 Ra8 34. Rc2
Ra1+ 35. Kg2 h6 36. f4 Bd6 37. Nc1 Ra3 38. Bd7 h5 39. Bf5 h4 40. gxh4 gxf4 41.
Kf3 fxe3 42. Rg2+ Kf7 43. h5 Bf8 44. Bc2 Ra1 45. Ne2 Rf1+ 46. Kg4 Bh6 47. h4
Nxe2 48. Rxe2 Rf4+ 49. Kg3 Rxd4 50. Bg6+ Ke6 51. Be8 Rd3 52. Kf3 Rxb3 53. Bxb5
Ke5 54. Rg2 e2+ 55. Kxe2 Rb2+ 56. Kf3 Rxg2 57. Kxg2 Kd4 58. Kf3 b3 59. Ke2 f5
60. Bd3 f4 61. Bb1 Kc3 62. Kd1 Kb2 63. Bd3 0-1

[Event "Ju Wenjun-A"]
[Site "Gatineau CAN"]
[Date "2023.11.21"]
[Round "4"]
[White "Seguin, Hubert"]
[Black "Raymond, Daniel"]
[Result "1-0"]
[ECO "B24"]
[WhiteElo "1481"]
[BlackElo "1753"]
[PlyCount "127"]
[EventDate "2023.10.31"]
[EventType "swiss"]
[EventRounds "7"]
[EventCountry "CAN"]
[TimeControl "90+30"]

1. e4 c5 2. Nc3 Nc6 3. g3 Nf6 4. Bg2 d6 5. Nf3 e5 6. h3 Be7 7. d3 h6 8. O-O O-O
9. Be3 Be6 10. Kh2 Rb8 11. a4 a6 12. Qd2 Nd4 13. Ne2 Nh7 14. Bxd4 cxd4 15. c3
dxc3 16. bxc3 f5 17. Nfg1 fxe4 18. Bxe4 Nf6 19. Bg2 d5 20. f4 e4 21. Nd4 Bd7
22. Rfe1 exd3 23. Qxd3 Bc5 24. Ngf3 Re8 25. Ne5 Bxd4 26. cxd4 Bc6 27. Qb3 Qc7
28. Rec1 Qd6 29. Rc5 Qe6 30. Rac1 Nd7 31. Nxd7 Qxd7 32. Bxd5+ Bxd5 33. Rxd5 Qf7
34. Rc7 Re2+ 35. Kg1 Qe6 36. Qf3 Qe4 37. Qxe4 Rxe4 38. Kf2 Re6 39. Rdd7 b5 40.
axb5 axb5 41. Rxg7+ Kh8 42. Rb7 Rb6 43. Rxb8+ Rxb8 44. Rc7 b4 45. Ke2 b3 46.
Rc1 b2 47. Rb1 Rb3 48. Kf2 Kg7 49. g4 Rxh3 50. Kg2 Rb3 51. Kf2 Kf6 52. Ke2 Rh3
53. Kd2 Rh2+ 54. Kc3 Rf2 55. Rxb2 Rxf4 56. Rg2 Ke6 57. Kc4 Kd6 58. g5 hxg5 59.
Rxg5 Rf6 60. Ra5 Kc7 61. d5 Kb6 62. Rb5+ Kc7 63. Kc5 Rd6 64. Rb7+ 1-0

[Event "Ju Wenjun-A"]
[Site "Gatineau CAN"]
[Date "2023.11.28"]
[Round "5"]
[White "Belanger, Paul"]
[Black "Simard, Francois"]
[Result "1-0"]
[ECO "C78"]
[WhiteElo "1462"]
[BlackElo "1410"]
[PlyCount "65"]
[EventDate "2023.10.31"]
[EventType "swiss"]
[EventRounds "7"]
[EventCountry "CAN"]
[TimeControl "5400+30"]

1. e4 e5 2. Nf3 Nc6 3. Bb5 a6 4. Ba4 Nf6 5. O-O Bc5 6. d3 b5 7. Bb3 O-O 8. Bg5
Bb7 9. Nc3 Nd4 10. Nxe5 Nxb3 11. axb3 d6 12. Ng4 Kh8 13. Nxf6 gxf6 14. Bh4 Rg8
15. Qf3 Rg6 16. Nd5 Bxd5 17. exd5 Kg7 18. Rfe1 Qd7 19. Re4 Rg8 20. Rae1 Kf8 21.
Bg3 h6 22. d4 Bb6 23. c3 Kg7 24. Rf4 Re8 25. Re3 Rxe3 26. fxe3 a5 27. Bh4 Qd8
28. e4 Qe7 29. Kf1 b4 30. Ke2 bxc3 31. bxc3 Qd8 32. Kd3 Qe7 33. h3 1-0

[Event "Ju Wenjun-A"]
[Site "Gatineau CAN"]
[Date "2023.12.05"]
[Round "6"]
[White "Arvisais, Eric"]
[Black "Jacques, Olivier"]
[Result "1-0"]
[ECO "D13"]
[WhiteElo "1313"]
[BlackElo "1390"]
[PlyCount "98"]
[EventDate "2023.10.31"]
[EventType "swiss"]
[EventRounds "7"]
[EventCountry "CAN"]
[TimeControl "90+30"]

1. d4 d5 2. c4 c6 3. Nc3 Nf6 4. cxd5 cxd5 5. Nf3 Nc6 6. Bg5 Bf5 7. e3 e6 8. a3
Be7 9. Bd3 Bxd3 10. Qxd3 O-O 11. O-O a6 12. h3 Rc8 13. Rfe1 h6 14. Bh4 b5 15.
b4 Re8 16. Rac1 Nd7 17. Bg3 Nb6 18. Ne2 Nc4 19. Nf4 Bd6 20. Rc3 e5 21. dxe5
Bxe5 22. Nxe5 Rxe5 23. Ne2 Re6 24. Nd4 Nxd4 25. Qxd4 Rec6 26. Qg4 Nd6 27. Rxc6
Rxc6 28. Bh4 f6 29. Qe6+ Kh8 30. Qxd5 Qb6 31. Bg3 Nc4 32. Rc1 Ne5 33. Rxc6 Qxc6
34. Qxc6 Nxc6 35. Kf1 Kg8 36. Ke2 Kf7 37. Kd3 Ke6 38. e4 Ne5+ 39. Bxe5 fxe5 40.
h4 h5 41. Ke3 g6 42. f4 Kf6 43. Kf3 Ke6 44. g4 Kf6 45. f5 gxf5 46. exf5 hxg4+
47. Kxg4 e4 48. Kf4 e3 49. Kxe3 Kxf5 1-0

[Event "Ju Wenjun-A"]
[Site "Gatineau CAN"]
[Date "2023.12.12"]
[Round "7"]
[White "Jacques, Olivier"]
[Black "Filion, Yves"]
[Result "1-0"]
[ECO "C10"]
[WhiteElo "1390"]
[BlackElo "1472"]
[PlyCount "75"]
[EventDate "2023.10.31"]
[EventType "swiss"]
[EventRounds "7"]
[EventCountry "CAN"]
[TimeControl "90+30"]

1. e4 e6 2. d4 d5 3. Nd2 dxe4 4. Nxe4 Nd7 5. Bd3 Ndf6 6. Nxf6+ Nxf6 7. Nf3 c5
8. O-O cxd4 9. Nxd4 Bc5 10. Nf3 O-O 11. h3 Qc7 12. Qe2 b6 13. a3 Bb7 14. b4 Be7
15. Bb2 Rfd8 16. Rfd1 Rac8 17. Rac1 Nd5 18. Be4 h6 19. c4 Nf4 20. Rxd8+ Rxd8
21. Qc2 Bxe4 22. Qxe4 Nd3 23. Be5 Nxe5 24. Nxe5 f5 25. Qe3 Bd6 26. Rd1 Kh7 27.
f4 a5 28. Qb3 Bxe5 29. Rxd8 Qxd8 30. fxe5 Qd4+ 31. Kh1 Qxe5 32. bxa5 Qxa5 33.
Qb4 Qa7 34. Qd6 Qa4 35. Qb4 Qxb4 36. axb4 Kg8 37. c5 bxc5 38. b5 1-0

[Event "Ju Wenjun-A"]
[Site "Gatineau CAN"]
[Date "2023.12.12"]
[Round "7"]
[White "Seguin, Hubert"]
[Black "Filion, Samuel"]
[Result "1-0"]
[ECO "C02"]
[WhiteElo "1481"]
[BlackElo "1499"]
[PlyCount "94"]
[EventDate "2023.10.31"]
[EventType "swiss"]
[EventRounds "7"]
[EventCountry "CAN"]
[TimeControl "90+30"]

1. e4 e6 2. d4 d5 3. e5 c5 4. c3 Nc6 5. Nf3 Nge7 6. Bd3 cxd4 7. cxd4 Qb6 8. Nc3
Nxd4 9. Nxd4 Bd7 10. Bc2 Ng6 11. Nf3 Bb4 12. Be3 Bxc3+ 13. bxc3 Qc7 14. Bd4 Ne7
15. O-O O-O 16. Qd3 Ng6 17. h4 a6 18. a4 Rfe8 19. h5 Nf8 20. g4 Bc6 21. g5 g6
22. h6 Nd7 23. Rfe1 Rac8 24. Nh2 b5 25. Ng4 Qd8 26. Nf6+ Nxf6 27. exf6 Qd7 28.
Be5 Ra8 29. Qd4 Rec8 30. Ra2 Kh8 31. Rea1 Kg8 32. axb5 Bxb5 33. Bd3 Bc4 34. Ra4
Bb5 35. Rb4 Qc6 36. Bxb5 axb5 37. Rab1 Ra4 38. Rxa4 bxa4 39. Qb4 Qc4 40. Ra1
Ra8 41. Qxc4 dxc4 42. Bd6 Ra6 43. Rb1 Ra8 44. Ba3 e5 45. Rb4 Rc8 46. Rxa4 Kh8
47. Kg2 Kg8 1-0

[Event "Ju Wenjun-B"]
[Site "Gatineau CAN"]
[Date "2023.10.31"]
[Round "1"]
[White "Simard, Paul"]
[Black "Albert, Michel"]
[Result "1-0"]
[ECO "A56"]
[WhiteElo "1274"]
[BlackElo "1140"]
[PlyCount "73"]
[EventDate "2023.10.31"]
[EventType "swiss"]
[EventRounds "7"]
[EventCountry "CAN"]
[TimeControl "60+30"]

1. d4 e6 2. c4 c5 3. e3 Nf6 4. Nc3 b6 5. Qf3 Nc6 6. Bd3 e5 7. d5 Nb4 8. Qe2 Bb7
9. a3 Nxd3+ 10. Qxd3 d6 11. Qc2 Bc8 12. Nf3 g6 13. O-O Bg7 14. b3 Bf5 15. e4
Bd7 16. Bg5 O-O 17. h3 Qc8 18. Ne2 h6 19. Bh4 Rb8 20. Qd2 Ne8 21. Be7 Nc7 22.
Bxf8 Kxf8 23. Qd3 b5 24. Nh4 Kg8 25. f4 Bf6 26. Nf3 Kg7 27. fxe5 dxe5 28. Ng3
Bxh3 29. gxh3 Qxh3 30. Nh2 a5 31. Nf5+ gxf5 32. Qxh3 bxc4 33. bxc4 Rg8 34. Qxf5
Kf8+ 35. Kh1 Ne8 36. Qc8 Rg3 37. Rxf6 1-0

[Event "Ju Wenjun-B"]
[Site "Gatineau CAN"]
[Date "2023.11.07"]
[Round "2"]
[White "Fiset, Daniel"]
[Black "Simard, Paul"]
[Result "1/2-1/2"]
[ECO "B52"]
[WhiteElo "1353"]
[BlackElo "1274"]
[PlyCount "66"]
[EventDate "2023.10.31"]
[EventType "swiss"]
[EventRounds "7"]
[EventCountry "CAN"]
[TimeControl "60+30"]

1. e4 c5 2. Nf3 d6 3. Bb5+ Bd7 4. Bxd7+ Qxd7 5. O-O Nf6 6. Nc3 g6 7. d4 cxd4 8.
Qxd4 Nc6 9. Qc4 Bg7 10. Ng5 O-O 11. Rd1 Rac8 12. Be3 b6 13. f4 Ng4 14. Bc1 h5
15. h3 Nf6 16. e5 Nxe5 17. Qb5 Nc6 18. Be3 Qc7 19. Rab1 Na5 20. Bd4 Nc4 21.
Bxf6 Bxf6 22. Nd5 Qc5+ 23. Qxc5 Rxc5 24. Nxf6+ exf6 25. Ne4 Rf5 26. g3 d5 27.
Rxd5 Ne3 28. Rxf5 Nxf5 29. Nxf6+ Kg7 30. Ne4 Re8 31. Re1 Nd4 32. Kf2 Nxc2 33.
Re2 Nb4 1/2-1/2

[Event "Ju Wenjun-B"]
[Site "Gatineau CAN"]
[Date "2023.11.07"]
[Round "2"]
[White "Laflamme, Mathieu"]
[Black "Ballan, Alexis"]
[Result "1-0"]
[ECO "D02"]
[WhiteElo "1375"]
[BlackElo "1330"]
[PlyCount "33"]
[EventDate "2023.10.31"]
[EventType "swiss"]
[EventRounds "7"]
[EventCountry "CAN"]
[TimeControl "1"]

1. d4 d5 2. Nf3 Nf6 3. g3 e6 4. Bg2 Bd6 5. O-O O-O 6. c4 dxc4 7. Qc2 b5 8. a4
c6 9. Nc3 Bd7 10. axb5 cxb5 11. Ng5 h6 12. Bxa8 hxg5 13. e4 e5 14. Bxg5 exd4
15. Nd5 Qe8 16. Bxf6 gxf6 17. Nxf6+ 1-0

[Event "Ju Wenjun-B"]
[Site "Gatineau CAN"]
[Date "2023.11.28"]
[Round "5"]
[White "Laflamme, Mathieu"]
[Black "Arvisais, Eric"]
[Result "0-1"]
[ECO "A81"]
[WhiteElo "1375"]
[BlackElo "1313"]
[PlyCount "92"]
[EventDate "2023.10.31"]
[EventType "swiss"]
[EventRounds "7"]
[EventCountry "CAN"]
[TimeControl "1"]

1. d4 f5 2. Nf3 e6 3. g3 Nf6 4. Bg2 Nc6 5. O-O Be7 6. b3 d5 7. Bb2 b6 8. Nbd2
Ba6 9. Rc1 O-O 10. c4 Qd6 11. Re1 h6 12. Qc2 f4 13. cxd5 Nb4 14. Qxc7 Nbxd5 15.
Qxd6 Bxd6 16. Nc4 Be7 17. Nce5 Bb4 18. Red1 Bxe2 19. Ng6 Rfe8 20. Nxf4 Nxf4 21.
gxf4 Bxd1 22. Rxd1 Rac8 23. Ne5 Rc2 24. Nd3 Bf8 25. Bh3 Nd5 26. Ba1 Rxa2 27. f5
exf5 28. Bxf5 Ree2 29. Rc1 Rec2 30. Re1 Re2 31. Rc1 Rac2 32. Be6+ Rxe6 33. Rxc2
Rg6+ 34. Kf1 a5 35. Rc8 Rf6 36. Ne5 Ne3+ 37. Kg1 Nd1 38. Nd7 Rxf2 39. Nxb6 Ra2
40. Nd7 Rxa1 41. Nxf8 Kf7 42. Nd7 Ne3+ 43. Kf2 Ng4+ 44. Kg3 Rg1+ 45. Kh3 Nf2+
46. Kh4 Rg4+ 0-1

[Event "Ju Wenjun-B"]
[Site "Gatineau CAN"]
[Date "2023.12.05"]
[Round "6"]
[White "Matkovsky, Taras"]
[Black "Gagne, Raphael"]
[Result "1-0"]
[ECO "B32"]
[WhiteElo "1240"]
[BlackElo "1184"]
[PlyCount "94"]
[EventDate "2023.10.31"]
[EventType "swiss"]
[EventRounds "7"]
[EventCountry "CAN"]
[TimeControl "60+30"]

1. e4 c5 2. Nf3 Nc6 3. d4 cxd4 4. Nxd4 e5 5. Nb5 a6 6. Nd6+ Bxd6 7. Qxd6 Qe7 8.
Qd1 Nf6 9. Nc3 h6 10. Be2 d6 11. O-O Be6 12. Be3 Qd7 13. Nd5 Bxd5 14. exd5 Ne7
15. c4 Rc8 16. b4 b5 17. Qb3 Qb7 18. cxb5 axb5 19. a4 bxa4 20. Qxa4+ Qd7 21.
Bb5 Nc6 22. Bxc6 Rxc6 23. Qxc6 O-O 24. Qxd7 Nxd7 25. Rfb1 Rb8 26. b5 Kf8 27. b6
Ke8 28. b7 Kd8 29. Ba7 Kc7 30. Bxb8+ Nxb8 31. g4 f6 32. h4 g5 33. h5 e4 34. Kf1
Nd7 35. b8=Q+ Nxb8 36. Rxb8 Kxb8 37. Rc1 Kb7 38. Rc6 Kb8 39. Rxd6 f5 40. gxf5
Kc7 41. Re6 Kd7 42. f6 e3 43. fxe3 g4 44. f7 g3 45. f8=Q g2+ 46. Kxg2 Kc7 47.
Qf7+ Kd8 1-0

[Event "Ju Wenjun-B"]
[Site "Gatineau CAN"]
[Date "2023.12.12"]
[Round "7"]
[White "Gagne, Raphael"]
[Black "Ballan, Alexis"]
[Result "1-0"]
[ECO "D02"]
[WhiteElo "1184"]
[BlackElo "1330"]
[PlyCount "81"]
[EventDate "2023.10.31"]
[EventType "swiss"]
[EventRounds "7"]
[EventCountry "CAN"]
[TimeControl "60+30"]

1. d4 d5 2. Bf4 Bf5 3. e3 Nf6 4. Nf3 e6 5. c4 Bd6 6. Bxd6 Qxd6 7. Nc3 Qb4 8. a3
Qd6 9. c5 Qd8 10. Bd3 Bxd3 11. Qxd3 O-O 12. O-O c6 13. b4 Nbd7 14. Rab1 b5 15.
a4 a6 16. axb5 axb5 17. Ra1 h6 18. Nd2 Re8 19. Nb3 e5 20. Na5 Qc7 21. Ra2 e4
22. Qc2 Ng4 23. g3 h5 24. h3 Nh6 25. Rfa1 Nf6 26. Ra3 Qc8 27. Kg2 Nf5 28. Qa2
h4 29. g4 Ne7 30. Nxc6 Rxa3 31. Nxe7+ Rxe7 32. Qxa3 Qc6 33. Qa8+ Qxa8 34. Rxa8+
Kh7 35. Nxb5 Rb7 36. c6 Rxb5 37. c7 Rxb4 38. c8=Q Kg6 39. Qf5+ Kh6 40. Rh8+ Nh7
41. Rxh7# 1-0

[Event "Ju Wenjun-B"]
[Site "Gatineau CAN"]
[Date "2023.12.12"]
[Round "7"]
[White "Laflamme, Mathieu"]
[Black "Matkovsky, Taras"]
[Result "1-0"]
[ECO "E60"]
[WhiteElo "1375"]
[BlackElo "1240"]
[PlyCount "73"]
[EventDate "2023.10.31"]
[EventType "swiss"]
[EventRounds "7"]
[EventCountry "CAN"]
[TimeControl "1"]

1. d4 Nf6 2. c4 g6 3. g3 Bg7 4. Bg2 O-O 5. Nf3 d6 6. b3 Nc6 7. Bb2 Rb8 8. O-O
a6 9. d5 Na7 10. Nd4 b5 11. Qc2 bxc4 12. Qxc4 Nd7 13. Nc6 Nb6 14. Qc2 Nxc6 15.
Bxg7 Kxg7 16. Qxc6 Bb7 17. Qc3+ Kg8 18. e4 e6 19. Rd1 exd5 20. exd5 Re8 21. Na3
Re5 22. Rac1 Rc8 23. Nc4 Nxd5 24. Bxd5 Rxd5 25. Rxd5 Bxd5 26. Ne3 Ba8 27. Ng4
h5 28. Nf6+ Kf8 29. Nh7+ Kg8 30. Nf6+ Kf8 31. Re1 c5 32. Re8+ Qxe8 33. Nxe8
Rxe8 34. f4 Bc6 35. Kf2 Rd8 36. Qa5 Re8 37. Qxa6 1-0

[Event "Outaouais-ch"]
[Site "Gatineau CAN"]
[Date "2023.03.28"]
[Round "1"]
[White "Arsenault, Michel"]
[Black "Thompson, Francis"]
[Result "0-1"]
[ECO "A15"]
[WhiteElo "1878"]
[BlackElo "1765"]
[PlyCount "68"]
[EventDate "2023.03.28"]
[EventType "tourn"]
[EventRounds "7"]
[EventCountry "CAN"]
[TimeControl "90+30"]

1. c4 Nf6 2. g3 g6 3. Bg2 d5 4. cxd5 Nxd5 5. Qb3 Nb6 6. Qc3 f6 7. h4 Na6 8. h5
Bg7 9. hxg6 hxg6 10. Rxh8+ Bxh8 11. Be4 Kf7 12. Nf3 c6 13. Nh4 f5 14. Qf3 Nc5
15. Bxf5 gxf5 16. Nxf5 Bf6 17. Qh5+ Ke6 18. Qg4 Qh8 19. Nh6+ Kd6 20. Nf7+ Kc7
21. Nxh8 Bxg4 22. Ng6 Nca4 23. Nc3 Rg8 24. Nf4 Rh8 25. f3 Bd7 26. Rb1 Nxc3 27.
bxc3 e5 28. Nd3 Rh1+ 29. Kf2 Be6 30. Rb4 a5 31. Re4 Bf5 32. Ba3 Bxe4 33. fxe4
Nc4 34. Bc5 Nxd2 0-1

[Event "Outaouais-ch"]
[Site "Gatineau CAN"]
[Date "2023.03.28"]
[Round "1"]
[White "Latreille, Etienne"]
[Black "Dupont-Mageau, Nicolas"]
[Result "1-0"]
[ECO "B52"]
[WhiteElo "2073"]
[BlackElo "1742"]
[PlyCount "59"]
[EventDate "2023.03.28"]
[EventType "tourn"]
[EventRounds "7"]
[EventCountry "CAN"]
[TimeControl "90+30"]

1. e4 c5 2. Nf3 d6 3. Bb5+ Bd7 4. Bxd7+ Nxd7 5. O-O Ngf6 6. Qe2 e6 7. c4 Be7 8.
Nc3 O-O 9. d4 cxd4 10. Nxd4 Nb6 11. Rd1 Qc7 12. b3 a6 13. Ba3 Rfe8 14. Rac1 d5
15. c5 Qe5 16. Nf3 Qh5 17. e5 Nfd7 18. Nb1 Nc8 19. c6 bxc6 20. Rxc6 Bxa3 21.
Nxa3 Ncb6 22. Rdc1 Qh6 23. Qe1 Rec8 24. Rxc8+ Rxc8 25. Rxc8+ Nxc8 26. g3 f6 27.
Qc3 Ncb6 28. Kg2 Qg6 29. Qc7 fxe5 30. Qd8+ 1-0

[Event "Outaouais-ch"]
[Site "Gatineau CAN"]
[Date "2023.04.04"]
[Round "2"]
[White "Desjardins, Michel"]
[Black "Latreille, Etienne"]
[Result "0-1"]
[ECO "B22"]
[WhiteElo "1897"]
[BlackElo "2073"]
[PlyCount "98"]
[EventDate "2023.03.28"]
[EventType "tourn"]
[EventRounds "7"]
[EventCountry "CAN"]
[TimeControl "90+30"]

1. e4 c5 2. c3 Nf6 3. e5 Nd5 4. d4 cxd4 5. cxd4 d6 6. Nf3 Nc6 7. Bc4 Nb6 8. Bb5
dxe5 9. Nxe5 Bd7 10. Nxd7 Qxd7 11. Nc3 e6 12. Be3 Be7 13. O-O Rd8 14. Qf3 a6
15. Bxc6 Qxc6 16. Qxc6+ bxc6 17. Rfd1 Rb8 18. Bf4 Rb7 19. b3 Kd7 20. Ne4 Nd5
21. Be5 f6 22. Bg3 Rb4 23. f3 Ra8 24. Bf2 a5 25. Nd2 Nc3 26. Re1 Rb7 27. a3 Bd6
28. Kf1 Bf4 29. Ne4 Nxe4 30. Rxe4 Bd6 31. Re3 Rab8 32. b4 axb4 33. axb4 Rxb4
34. Rae1 Rb1 35. Rxe6 Be5 36. d5 cxd5 37. Ra6 Rxe1+ 38. Bxe1 Rb1 39. Ra7+ Kd6
40. Ke2 Rb2+ 41. Kf1 f5 42. Ra6+ Kc5 43. Bf2+ Kc4 44. Ra5 Rb1+ 45. Ke2 Bd6 46.
Ra2 d4 47. Rc2+ Kd5 48. Ra2 Bb4 49. g3 Kc4 0-1

[Event "Outaouais-ch"]
[Site "Gatineau CAN"]
[Date "2023.04.04"]
[Round "2"]
[White "Dupont-Mageau, Nicolas"]
[Black "Arsenault, Michel"]
[Result "0-1"]
[ECO "B23"]
[WhiteElo "1742"]
[BlackElo "1878"]
[PlyCount "85"]
[EventDate "2023.03.28"]
[EventType "tourn"]
[EventRounds "7"]
[EventCountry "CAN"]
[TimeControl "90+30"]

1. e4 c5 2. Nc3 Nc6 3. f4 g6 4. Nf3 Bg7 5. Bc4 e6 6. O-O Nge7 7. Qe1 O-O 8. d3
d5 9. Bb3 b5 10. Nxb5 Qb6 11. c4 dxe4 12. dxe4 Nd4 13. Nbxd4 cxd4 14. Qf2 a5
15. e5 f6 16. Qxd4 Qxd4+ 17. Nxd4 fxe5 18. fxe5 Rxf1+ 19. Kxf1 a4 20. Bd1 Ba6
21. Be2 Rc8 22. Nf3 Bxc4 23. Bg5 Nd5 24. Rc1 Bxe2+ 25. Kxe2 Rb8 26. Rc2 Nb4 27.
Rd2 Nxa2 28. Rd8+ Rxd8 29. Bxd8 Nb4 30. Be7 Nd5 31. Bg5 h6 32. Bc1 g5 33. h3
Bf8 34. g3 Bc5 35. Kd3 Bf2 36. g4 Bg3 37. Kc4 Bf4 38. Bd2 Bxd2 39. Nxd2 Nf4 40.
Kb5 Nd3 41. Nc4 Nxb2 42. Kb4 a3 43. Kxa3 0-1

[Event "Outaouais-ch"]
[Site "Gatineau CAN"]
[Date "2023.05.23"]
[Round "2"]
[White "Guimond, Michel"]
[Black "Thompson, Francis"]
[Result "1/2-1/2"]
[ECO "B12"]
[WhiteElo "1893"]
[BlackElo "1765"]
[PlyCount "32"]
[EventDate "2023.03.28"]
[EventType "tourn"]
[EventRounds "7"]
[EventCountry "CAN"]
[TimeControl "90+30"]

1. e4 c6 2. d4 d5 3. e5 Bf5 4. Nc3 e6 5. g4 Bg6 6. Nge2 h6 7. Nf4 Bh7 8. Be3
Nd7 9. Bd3 Bxd3 10. Qxd3 c5 11. Nxe6 fxe6 12. Qg6+ Ke7 13. Nxd5+ exd5 14. Qd6+
Ke8 15. Qg6+ Ke7 16. Qd6+ Ke8 1/2-1/2

[Event "Outaouais-ch"]
[Site "Gatineau CAN"]
[Date "2023.04.04"]
[Round "2"]
[White "Raymond, Daniel"]
[Black "Azar, Sebastien"]
[Result "0-1"]
[ECO "B14"]
[WhiteElo "1734"]
[BlackElo "2061"]
[PlyCount "108"]
[EventDate "2023.03.28"]
[EventType "tourn"]
[EventRounds "7"]
[EventCountry "CAN"]
[TimeControl "90+30"]

1. e4 c6 2. c4 d5 3. exd5 cxd5 4. cxd5 Nf6 5. Nc3 Nxd5 6. Nf3 Nc6 7. d4 e6 8.
Bb5 Bd7 9. O-O Be7 10. Nxd5 exd5 11. Re1 O-O 12. h3 Bf6 13. Be3 Qb6 14. a4 Rfd8
15. Rc1 Rac8 16. Ne5 a6 17. Bd3 Be6 18. f4 Ne7 19. Nf3 Nf5 20. Bf2 Rxc1 21.
Qxc1 g6 22. Qd2 Rc8 23. b4 Be7 24. b5 axb5 25. Bxb5 Nd6 26. Bd3 Qc6 27. a5 Nc4
28. Qe2 Bb4 29. Rb1 Bxa5 30. Ng5 Re8 31. Qa2 Bd8 32. Nf3 Bc7 33. Ne5 Bxe5 34.
fxe5 b5 35. Bh4 Qb6 36. Qf2 f5 37. exf6 Bf7 38. Qf4 Re6 39. Rf1 Qd6 40. Qg5 b4
41. Ra1 Qf8 42. Bf5 Rb6 43. Bd3 b3 44. Rb1 b2 45. Re1 Na3 46. Bb1 Ra6 47. Qd2
Nc4 48. Qe2 Re6 49. Qd1 Na3 50. Rxe6 Bxe6 51. Ba2 Qb4 52. Bb1 Nxb1 53. Qxb1 Bf5
54. Be1 Qxd4+ 0-1

[Event "Outaouais-ch"]
[Site "Gatineau CAN"]
[Date "2023.04.30"]
[Round "3"]
[White "Azar, Sebastien"]
[Black "Guimond, Michel"]
[Result "1/2-1/2"]
[ECO "C04"]
[WhiteElo "2051"]
[BlackElo "1893"]
[PlyCount "143"]
[EventDate "2023.03.28"]
[EventType "tourn"]
[EventRounds "7"]
[EventCountry "CAN"]
[TimeControl "90+30"]

1. e4 e6 2. d4 d5 3. Nd2 Nc6 4. Ngf3 Nf6 5. e5 Nd7 6. c3 f6 7. exf6 Nxf6 8. Bd3
Bd6 9. Qe2 O-O 10. Ne5 Qe8 11. f4 Qh5 12. Ndf3 Bxe5 13. fxe5 Ne4 14. O-O Bd7
15. Bxe4 dxe4 16. Qxe4 Na5 17. b3 Bc6 18. Qe3 Rf5 19. Ba3 Rd8 20. Rf2 h6 21.
Nd2 b5 22. Rxf5 Qxf5 23. Bb4 Qg4 24. Qf2 Nb7 25. h3 Qg6 26. Rf1 Rd7 27. Kh2 Kh7
28. Nf3 Rf7 29. Qg3 Qxg3+ 30. Kxg3 Kg8 31. c4 a5 32. Bc3 b4 33. Bb2 a4 34. bxa4
Na5 35. Rc1 Rd7 36. Nd2 Bxa4 37. Ne4 Bc6 38. Nc5 Re7 39. Kf2 Kf7 40. g3 Re8 41.
Ke3 Kg6 42. Kd3 Kg5 43. a3 bxa3 44. Bxa3 Bg2 45. Bb4 Nc6 46. Bd2+ Kh5 47. Ne4
Rd8 48. g4+ Kg6 49. Nc5 Kf7 50. Ke3 Bxh3 51. Bc3 Bxg4 52. Rf1+ Ke7 53. Rb1 Rb8
54. Rg1 h5 55. d5 exd5 56. cxd5 Nb4 57. Ke4 g6 58. d6+ cxd6 59. exd6+ Kxd6 60.
Be5+ Kxc5 61. Bxb8 Bf5+ 62. Kf4 Nd3+ 63. Kg5 Kc4 64. Bg3 Kd4 65. Ra1 Ke3 66.
Bc7 Kf3 67. Rf1+ Ke2 68. Ra1 Ke3 69. Ra2 Kf3 70. Ra1 Ke4 71. Ra4+ Kd5 72. Ra1
1/2-1/2

[Event "Outaouais-ch"]
[Site "Gatineau CAN"]
[Date "2023.04.25"]
[Round "3"]
[White "Latreille, Etienne"]
[Black "Raymond, Daniel"]
[Result "1/2-1/2"]
[ECO "B51"]
[WhiteElo "2073"]
[BlackElo "1734"]
[PlyCount "109"]
[EventDate "2023.03.28"]
[EventType "tourn"]
[EventRounds "7"]
[EventCountry "CAN"]
[TimeControl "90+30"]

1. e4 c5 2. Nf3 Nc6 3. Bb5 d6 4. O-O Bd7 5. Re1 Nf6 6. c3 a6 7. Bf1 e5 8. d4
cxd4 9. cxd4 exd4 10. Nxd4 Be7 11. h3 O-O 12. Nc3 Re8 13. Be3 Bf8 14. f3 Rc8
15. Qd2 d5 16. exd5 Nb4 17. Nb3 Bf5 18. Bg5 Qb6+ 19. Kh1 Nc2 20. Rxe8 Rxe8 21.
Rd1 Ne3 22. Bxe3 Qxe3 23. Qxe3 Rxe3 24. Nd4 Bd7 25. Nc2 Re8 26. Bd3 Nh5 27. g4
Nf4 28. Bf1 f5 29. Re1 Rxe1 30. Nxe1 Bb4 31. Nc2 Bxc3 32. bxc3 fxg4 33. fxg4
Nxd5 34. Bc4 Be6 35. Nb4 Nc7 36. Bxe6+ Nxe6 37. Kg2 Kf7 38. Nd3 Ke7 39. h4 Kd6
40. Kf3 Kd5 41. Nf4+ Nxf4 42. Kxf4 Kc4 43. Ke5 b5 44. Ke6 Kxc3 45. Kf7 Kb2 46.
Kxg7 Kxa2 47. Kxh7 b4 48. g5 b3 49. g6 b2 50. g7 b1=Q+ 51. Kh8 Qb2 52. h5 Qf6
53. Kh7 Qf5+ 54. Kh6 Qf7 55. g8=Q 1/2-1/2

[Event "Outaouais-ch"]
[Site "Gatineau CAN"]
[Date "2023.05.16"]
[Round "7"]
[White "Dupont-Mageau, Nicolas"]
[Black "Azar, Sebastien"]
[Result "1-0"]
[ECO "D02"]
[WhiteElo "1742"]
[BlackElo "2061"]
[PlyCount "87"]
[EventDate "2023.03.28"]
[EventType "tourn"]
[EventRounds "7"]
[EventCountry "CAN"]
[TimeControl "90+30"]

1. d4 d5 2. Bf4 c5 3. e3 Nc6 4. Nf3 Nf6 5. c3 e6 6. Nbd2 Be7 7. Bd3 O-O 8. O-O
Bd7 9. Ne5 Be8 10. Ndf3 Ne4 11. Qc2 f6 12. Nxc6 Bxc6 13. dxc5 e5 14. Bg3 Nxg3
15. Bxh7+ Kh8 16. hxg3 e4 17. Bg6 f5 18. Ne5 Kg8 19. Nxc6 bxc6 20. Qe2 Rf6 21.
Qh5 Bxc5 22. Bxf5 Rh6 23. Qe2 Kf7 24. f3 Qg5 25. Bh3 Bxe3+ 26. Kh2 Bc5 27.
fxe4+ Kg8 28. Rf5 Qe7 29. e5 a5 30. Raf1 Re8 31. Re1 Bd6 32. Qg4 Kh8 33. Rh5
Rxh5 34. Qxh5+ Kg8 35. e6 Rf8 36. Bf5 Rxf5 37. Qxf5 Qh4+ 38. Kg1 Qxg3 39. Kf1
Qh4 40. Qf7+ Kh7 41. e7 Qc4+ 42. Re2 Qh4 43. Qf5+ g6 44. Qh3 1-0